 Dungeon Sprint DCSS version 0.28.0-43-g3370ac3207 (webtiles) character file.

Game seed: 3797142406069810222

14100000 smarlow the Archmage (level 27, -24/228 HPs)
             Began as a Djinni Warper on Mar 9, 2022.
             Was the Champion of Makhleb.
             Annihilated by a destroyer
             ... wielding a +9 vorpal great sword
              (74 damage)
             ... in the Dungeon (Sprint VIII: "Arena of Blood").
             The game lasted 00:06:45 (141 turns).

smarlow the Archmage (Djinni Warper)                 Turns: 141, Time: 00:06:45

Health: -24/228    AC:  6    Str: 20    XL:     27
Gold:   0          EV: 28    Int: 16    God:    Makhleb [******] SH:  0 Dex: 16

rFire   + + .      SeeInvis +   i - +∞ Axe of Woe
rCold   x . .      Faith    .   (shield currently unavailable)
rNeg    . . .      Spirit   .   b - +0 leather armour
rPois   ∞          Reflect  .   (no helmet)
rElec   .          Harm     .   (no cloak)
rCorr   .          Rampage  .   (no gloves)
Will    ++...      NoTele   +   (boots unavailable)
Stlth   +++++++++.              (no amulet)
HPRegen 0.48/turn               j - ring of see invisible
MPRegen 0.00/turn               (no ring)

@: flying, slowed, very slow
A: sickness immunity, fire resistance 2, cold vulnerability 1, float, innate
caster, HP casting, extra vitality 1
a: Renounce Religion, Minor Destruction, Lesser Servant of Makhleb, Major
Destruction, Greater Servant of Makhleb


You were in the Dungeon.
You worshipped Makhleb.
Makhleb was exalted by your worship.
You visited 1 branch

Inventory:

Hand Weapons
 a - a +0 hand axe
 i - the +∞ Axe of Woe (weapon)
   (You found it in the Dungeon)
Missiles
 d - 5 boomerangs of dispersal
Armour
 b - a +0 leather armour (worn)
Jewellery
 j - a ring of see invisible (left hand)
Scrolls
 c - 2 scrolls of blinking
Potions
 e - a potion of curing
 f - a potion of heal wounds
 g - a potion of haste
 h - a potion of berserk rage


   Skills:
 O Level 27 Fighting
 O Level 27 Short Blades
 O Level 27 Long Blades
 O Level 27 Axes
 O Level 27 Maces & Flails
 O Level 27 Polearms
 O Level 27 Staves
 O Level 27 Slings
 O Level 27 Bows
 O Level 27 Crossbows
 O Level 27 Throwing
 O Level 27 Armour
 O Level 27 Dodging
 O Level 27 Stealth
 O Level 27 Shields
 O Level 27 Unarmed Combat
 O Level 27 Spellcasting
 O Level 27 Invocations
 O Level 27 Evocations


You couldn't memorise any spells.
You knew the following spells:

 Your Spells              Type           Power      Damage    Failure   Level
a - Blink                 Tloc           100%       N/A       0%          2
b - Lesser Beckoning      Tloc           82%        N/A       0%          3
c - Gell's Gravitas       Tloc           82%        N/A       0%          3
d - Teleport Other        Tloc           82%        N/A       0%          3
e - Manifold Assault      Tloc           82%        N/A       0%          5
f - Magic Dart            Conj           100%       1d8       0%          1
g - Call Imp              Summ           82%        N/A       0%          2
h - Passwall              Tmut/Erth      68%        N/A       0%          2
i - Animate Armour        Summ/Erth      100%       N/A       0%          4
j - Iskenderun's Mystic   Conj/Tloc      82%        2d16      0%          4
k - Freezing Cloud        Conj/Ice/Air   41%        6-21      0%          5
l - Eringya's Noxious Bo  Tmut/Pois      41%        N/A       0%          6
m - Haunt                 Necr/Summ      41%        N/A       1%          7
n - Orb of Destruction    Conj           41%        9d11      1%          7
o - Malign Gateway        Summ/Tloc      41%        N/A       1%          7
p - Summon Horrible Thin  Summ           41%        N/A       1%          8
q - Dragon's Call         Summ           41%        N/A       2%          9
r - Shatter               Erth           41%        3d32*     2%          9
Your spell library was empty.

Dungeon Overview and Level Annotations

Branches:
Dungeon (1/1)

Altars:
Makhleb

Annotations:
D The Captor, The Meatlord


Innate Abilities, Weirdness & Mutations

You are immune to sickness and miasma.
You are immune to poison.
Your flesh is very heat resistant. (rF++)
You are vulnerable to cold. (rC-)
You float through the air rather than walking.
You learn spells naturally, not from books.
Your magical power is your life essence.
You have superior vitality. (+4 MHP)


Message History

You butcher the large bag of meat messily.
Makhleb accepts your kill.
You feel better.
You slice the bag of meat!!
You dissect the bag of meat like a pig carcass.
You kill the bag of meat!
Makhleb accepts your kill.
The large bag of meat explodes!
The fiery explosion engulfs the fleshlord.
The fleshlord completely resists.
You hear a shout! x2; You hear a bleat!
You hear a shout! x2; You hear a roar!
You hear a clap of thunder!
You hear a shout!
The meat beast bites you!! The meat beast tramples you!
You are shoved backwards!
An accursed comes into view.
You hear a shout!
The fleshlord hits you with a +9 great mace!!!!
Ouch! That really hurt!
You hear a shout! x2
A meat berserker comes into view. It is wielding a +9 battleaxe.
The Captor gestures wildly while chanting.
The Captor seems to speed up.
You hear a shout!
The observer gazes at you. Something smites you!
The destroyer casts a spell at you.
The destroyer blinks!
The meat beast bites you!
* * * LOW HITPOINT WARNING * * *
The meat beast tramples you but does no damage.
A bag of meat comes into view. It is wielding a +9 war axe.
A fleshlord comes into view. It is wielding a +9 great mace.
The fleshlord gestures wildly while chanting.
The fleshlord seems to speed up.
The accursed gestures at you while chanting.
Something smites you!
* * * LOW HITPOINT WARNING * * *
The fleshlord points at you and mumbles some strange words.
You feel as though you will be slow longer.
The observer pulsates ominously.
The destroyer hits you with a +9 vorpal great sword!!!!
You die...

.#...)))###)...).)###.
.....o.pp°§....###))))).
......p#§○.).))._..*.M†.
....#W))§§..#§....#.&..
###....o..)..#_.<._#))).
#....#......)#)....# ))
.....V.#....V..)_*....
....V..Wp).W.LM###......
..G@S..2@X###..LX...###.
...W○○○V.)..#o.Mo...#
..oo○☼°..oXL#.V.o...#
o))#°°○..X...oo......
.§#G#.#..X.Xo..o.o
...#.#......Gp.. ..#S#
#..O....oM ...#
.....#..Wo


You could see 2 accurseds, 2 tentacled monstrosities, a meat beast (fast, very
poisoned), 2 tyrants, 4 destroyers, 3 observers, 2 scourges, 5 fleshlords, 3
large abominations, a dread, The Captor (fast), 4 wretched souls, a meat
berserker (berserk) and 10 bags of meat.

Vanquished Creatures
  10 hell knights (D)
  15 hell beasts (D)
  Edmund (D)
  13 royal mummies (D)
  16 great orbs of eyes (D)
  12 wraiths (D)
  Harold (D)
  16 vampire knights (D)
  51 ogres (D)
  9 two-headed ogres (D)
  5 liches (D)
  13 hydras (D)
  100 orcs (D)
  6 phantoms (D)
  7 skeletal warriors (D)
  8 sea snakes (D)
283 creatures vanquished.

Vanquished Creatures (others)
  An orc (D)
  An eldritch tentacle (D)
2 creatures vanquished.

Grand Total: 285 creatures vanquished

Notes
Turn   | Place    | Note
-------+----------+-------------------------------------------
     0 | D        | Found the +∞ Axe of Woe
     0 | D        | smarlow the Djinni Warper began the quest for the Orb.
     0 | D        | Reached XP level 1. HP: 18/18 MP: 0/0
     2 | D        | Noticed a meat berserker
     3 | D        | Became a worshipper of Makhleb the Destroyer
     3 | D        | Noticed a bag of meat
     5 | D        | Noticed a bag of meat
     5 | D        | Noticed a bag of meat
     5 | D        | Noticed a bag of meat
     5 | D        | Noticed a meat berserker
     7 | D        | Noticed a bag of meat
     7 | D        | Killed a meat berserker
     7 | D        | Noticed a meat berserker
     7 | D        | Noticed a bag of meat
     8 | D        | Reached skill level 10 in Fighting
     8 | D        | Reached XP level 2. HP: 36/36 MP: 0/0
     8 | D        | Reached XP level 3. HP: 41/41 MP: 0/0
     8 | D        | Learned a level 1 spell: Magic Dart
     8 | D        | Reached XP level 4. HP: 48/48 MP: 0/0
     8 | D        | Reached XP level 5. HP: 52/52 MP: 0/0
     8 | D        | Learned a level 2 spell: Call Imp
     8 | D        | Reached XP level 6. HP: 58/58 MP: 0/0
     8 | D        | Reached XP level 7. HP: 64/64 MP: 0/0
     8 | D        | Learned a level 2 spell: Passwall
     8 | D        | Reached XP level 8. HP: 70/70 MP: 0/0
     8 | D        | Reached XP level 9. HP: 75/75 MP: 0/0
     8 | D        | Learned a level 4 spell: Animate Armour
     8 | D        | Reached XP level 10. HP: 81/81 MP: 0/0
     8 | D        | Reached XP level 11. HP: 86/86 MP: 0/0
     8 | D        | Learned a level 4 spell: Iskenderun's Mystic Blast
     8 | D        | Reached XP level 12. HP: 93/93 MP: 0/0
     8 | D        | Killed a bag of meat
     8 | D        | Reached * piety under Makhleb
     8 | D        | Killed a bag of meat
     8 | D        | Killed a bag of meat
     8 | D        | Killed a bag of meat
     8 | D        | Reached ** piety under Makhleb
     8 | D        | Noticed a bag of meat
     8 | D        | Noticed a bag of meat
     9 | D        | Reached XP level 13. HP: 105/105 MP: 0/0
     9 | D        | Learned a level 5 spell: Freezing Cloud
     9 | D        | Reached XP level 14. HP: 112/112 MP: 0/0
     9 | D        | Killed a bag of meat
     9 | D        | Killed a bag of meat
     9 | D        | Killed a meat berserker
     9 | D        | Reached *** piety under Makhleb
     9 | D        | Killed a bag of meat
     9 | D        | Noticed a bag of meat
     9 | D        | Noticed a bag of meat
    10 | D        | Reached skill level 5 in Throwing
    10 | D        | Reached skill level 15 in Dodging
    10 | D        | Reached XP level 15. HP: 96/121 MP: 0/0
    10 | D        | Learned a level 6 spell: Eringya's Noxious Bog
    10 | D        | Killed a meat berserker
    10 | D        | Reached **** piety under Makhleb
    11 | D        | Reached skill level 27 in Spellcasting
    11 | D        | Reached XP level 16. HP: 134/134 MP: 0/0
    11 | D        | Reached XP level 17. HP: 139/139 MP: 0/0
    11 | D        | Learned a level 7 spell: Haunt
    11 | D        | Reached ***** piety under Makhleb
    12 | D        | Noticed a meat berserker
    12 | D        | Noticed a meat berserker
    12 | D        | Noticed a meat berserker
    13 | D        | Killed a meat berserker
    13 | D        | Killed a meat berserker
    13 | D        | Noticed a meat berserker
    13 | D        | Noticed a meat berserker
    14 | D        | Reached XP level 18. HP: 150/155 MP: 0/0
    14 | D        | Noticed a meat berserker
    15 | D        | Killed a meat berserker
    15 | D        | Reached ****** piety under Makhleb
    15 | D        | Noticed a meat berserker
    16 | D        | Reached skill level 27 in Axes
    16 | D        | Reached skill level 10 in Armour
    17 | D        | Reached skill level 27 in Fighting
    17 | D        | Reached skill level 15 in Armour
    17 | D        | Reached XP level 19. HP: 174/174 MP: 0/0
    17 | D        | Learned a level 7 spell: Orb of Destruction
    17 | D        | Killed a meat berserker
    18 | D        | Reached skill level 27 in Dodging
    18 | D        | Reached XP level 20. HP: 93/181 MP: 0/0
    18 | D        | Killed a meat berserker
    18 | D        | Killed a meat berserker
    19 | D        | Killed a meat berserker
    19 | D        | Noticed a meat berserker
    20 | D        | Reached skill level 27 in Armour
    20 | D        | Reached XP level 21. HP: 151/187 MP: 0/0
    20 | D        | Learned a level 7 spell: Malign Gateway
    20 | D        | Noticed a destroyer
    21 | D        | Killed a meat berserker
    22 | D        | Reached skill level 27 in Throwing
    22 | D        | Killed a destroyer
    23 | D        | Reached XP level 22. HP: 194/194 MP: 0/0
    23 | D        | Noticed a large bag of meat
    24 | D        | Noticed a large bag of meat
    24 | D        | Killed a large bag of meat
    24 | D        | Killed a large bag of meat
    25 | D        | Reached skill level 10 in Maces & Flails
    25 | D        | Reached skill level 10 in Polearms
    25 | D        | Reached skill level 10 in Slings
    25 | D        | Reached skill level 10 in Bows
    25 | D        | Reached skill level 10 in Crossbows
    25 | D        | Reached XP level 23. HP: 201/201 MP: 0/0
    25 | D        | Learned a level 8 spell: Summon Horrible Things
    30 | D        | Reached XP level 24. HP: 208/208 MP: 0/0
    31 | D        | Noticed a destroyer
    32 | D        | Noticed a destroyer
    32 | D        | Killed a destroyer
    32 | D        | Killed a destroyer
    32 | D        | Noticed a destroyer
    33 | D        | Reached skill level 15 in Short Blades
    33 | D        | Reached skill level 15 in Long Blades
    33 | D        | Reached skill level 15 in Staves
    33 | D        | Reached skill level 15 in Stealth
    33 | D        | Killed a destroyer
    33 | D        | Noticed a destroyer
    34 | D        | Reached skill level 15 in Maces & Flails
    34 | D        | Reached skill level 15 in Polearms
    34 | D        | Reached skill level 15 in Slings
    34 | D        | Reached skill level 15 in Bows
    34 | D        | Reached skill level 15 in Crossbows
    34 | D        | Killed a destroyer
    35 | D        | Reached XP level 25. HP: 214/214 MP: 0/0
    35 | D        | Learned a level 9 spell: Dragon's Call
    36 | D        | Noticed a destroyer
    37 | D        | Killed a destroyer
    39 | D        | Reached XP level 26. HP: 221/221 MP: 0/0
    39 | D        | Noticed a destroyer
    40 | D        | Killed a destroyer
    42 | D        | Noticed a destroyer
    43 | D        | Killed a destroyer
    44 | D        | Noticed an accursed
    44 | D        | Killed an accursed
    45 | D        | Reached XP level 27. HP: 228/228 MP: 0/0
    45 | D        | Learned a level 9 spell: Shatter
    49 | D        | Noticed an accursed
    49 | D        | Killed an accursed
    49 | D        | Noticed a large bag of meat
    50 | D        | Killed a large bag of meat
    52 | D        | Noticed an accursed
    53 | D        | Noticed a tyrant
    53 | D        | Killed a tyrant
    53 | D        | Killed an accursed
    54 | D        | Noticed an accursed
    54 | D        | Killed an accursed
    55 | D        | Reached skill level 27 in Shields
    55 | D        | Reached skill level 27 in Unarmed Combat
    55 | D        | Reached skill level 27 in Invocations
    55 | D        | Reached skill level 27 in Evocations
    55 | D        | Noticed an accursed
    56 | D        | Reached skill level 27 in Short Blades
    56 | D        | Reached skill level 27 in Long Blades
    56 | D        | Reached skill level 27 in Staves
    56 | D        | Reached skill level 27 in Stealth
    56 | D        | Noticed a tyrant
    56 | D        | Killed a tyrant
    56 | D        | Killed an accursed
    57 | D        | Reached skill level 27 in Maces & Flails
    57 | D        | Reached skill level 27 in Polearms
    57 | D        | Reached skill level 27 in Slings
    57 | D        | Reached skill level 27 in Bows
    57 | D        | Reached skill level 27 in Crossbows
    57 | D        | Noticed a destroyer
    57 | D        | Noticed The Servant
    58 | D        | Killed The Servant
    58 | D        | Noticed an accursed
    58 | D        | Noticed a large bag of meat
    59 | D        | Killed a large bag of meat
    59 | D        | Killed an accursed
    60 | D        | Killed a destroyer
    62 | D        | Noticed a meat beast
    64 | D        | Killed a meat beast
    65 | D        | Noticed a dread
    66 | D        | Killed a dread
    66 | D        | Noticed a large bag of meat
    66 | D        | Noticed a meat beast
    67 | D        | Killed a large bag of meat
    67 | D        | Killed a meat beast
    67 | D        | Noticed a meat beast
    68 | D        | Noticed a large bag of meat
    68 | D        | Noticed a destroyer
    69 | D        | Killed a large bag of meat
    70 | D        | Killed a meat beast
    70 | D        | Killed a destroyer
    71 | D        | Noticed a dread
    72 | D        | Noticed a meat beast
    73 | D        | Killed a meat beast
    73 | D        | Killed a dread
    77 | D        | Noticed a meat beast
    77 | D        | Killed a meat beast
    82 | D        | Noticed a dread
    83 | D        | Noticed a dread
    83 | D        | Noticed a meat beast
    84 | D        | Killed a meat beast
    84 | D        | Killed a dread
    85 | D        | Killed a dread
    86 | D        | Noticed a meat beast
    86 | D        | Noticed a dread
    87 | D        | Killed a meat beast
    87 | D        | Noticed a destroyer
    88 | D        | Killed a destroyer
    88 | D        | Killed a dread
    88 | D        | Noticed a meat beast
    88 | D        | Noticed a tyrant
    89 | D        | Killed a tyrant
    90 | D        | Killed a meat beast
    90 | D        | Noticed a meat beast
    90 | D        | Noticed a destroyer
    91 | D        | Killed a destroyer
    91 | D        | Killed a meat beast
    94 | D        | Noticed a tyrant
    94 | D        | Killed a tyrant
    95 | D        | Noticed a large bag of meat
    97 | D        | Killed a large bag of meat
    98 | D        | Noticed a destroyer
    99 | D        | Killed a destroyer
   101 | D        | Noticed a dread
   102 | D        | Killed a dread
   103 | D        | Noticed an accursed
   103 | D        | Noticed a dread
   104 | D        | Killed an accursed
   104 | D        | Killed a dread
   104 | D        | Noticed The Defiler
   105 | D        | Noticed a dread
   105 | D        | Killed a dread
   106 | D        | Killed The Defiler
   108 | D        | Noticed an accursed
   108 | D        | Noticed a meat beast
   109 | D        | Killed an accursed
   109 | D        | Killed a meat beast
   109 | D        | Noticed a meat beast
   109 | D        | Noticed a dread
   111 | D        | Noticed a fleshlord
   111 | D        | Noticed a destroyer
   112 | D        | Noticed a fleshlord
   113 | D        | Noticed a fleshlord
   113 | D        | Killed a destroyer
   114 | D        | Killed a fleshlord
   114 | D        | Noticed an accursed
   115 | D        | Killed a fleshlord
   115 | D        | Noticed a meat beast
   116 | D        | Killed a dread
   116 | D        | Killed a meat beast
   117 | D        | Killed a meat beast
   117 | D        | Killed a fleshlord
   118 | D        | Killed an accursed
   118 | D        | Noticed a large bag of meat
   119 | D        | Killed a large bag of meat
   119 | D        | Noticed an accursed
   120 | D        | Killed an accursed
   120 | D        | Noticed a fleshlord
   121 | D        | Killed a fleshlord
   122 | D        | Noticed a fleshlord
   123 | D        | Killed a fleshlord
   123 | D        | Noticed a meat beast
   123 | D        | Noticed a destroyer
   124 | D        | Killed a destroyer
   125 | D        | Noticed an accursed
   125 | D        | Noticed an accursed
   126 | D        | Killed an accursed
   126 | D        | Killed a meat beast
   126 | D        | Killed an accursed
   126 | D        | Noticed a fleshlord
   127 | D        | Killed a fleshlord
   128 | D        | Noticed a fleshlord
   129 | D        | Killed a fleshlord
   130 | D        | Noticed a dread
   130 | D        | Killed a dread
   130 | D        | Noticed a tyrant
   131 | D        | Killed a tyrant
   132 | D        | Noticed an accursed
   132 | D        | Noticed a destroyer
   132 | D        | Noticed a dread
   132 | D        | Noticed a meat beast
   133 | D        | Noticed a meat beast
   133 | D        | Killed a meat beast
   133 | D        | Noticed a destroyer
   133 | D        | Noticed a fleshlord
   133 | D        | Noticed a fleshlord
   133 | D        | Noticed a tyrant
   134 | D        | Killed a fleshlord
   134 | D        | Killed an accursed
   134 | D        | Noticed The Meatlord
   135 | D        | Killed a dread
   135 | D        | Noticed an accursed
   135 | D        | Noticed a fleshlord
   136 | D        | Killed a destroyer
   136 | D        | Noticed a fleshlord
   136 | D        | Noticed an accursed
   136 | D        | Noticed a destroyer
   136 | D        | Noticed a large bag of meat
   136 | D        | Noticed a fleshlord
   136 | D        | Noticed a destroyer
   136 | D        | Noticed a fleshlord
   136 | D        | Noticed a dread
   137 | D        | Noticed a tyrant
   138 | D        | Noticed a meat beast
   138 | D        | Noticed The Captor
   138 | D        | Noticed a destroyer
   138 | D        | Noticed a dread
   138 | D        | Noticed a fleshlord
   138 | D        | Noticed a fleshlord
   138 | D        | Noticed a destroyer
   139 | D        | Killed a fleshlord
   140 | D        | Killed a dread
   140 | D        | Killed a meat beast
   141 | D        | Killed a fleshlord
   141 | D        | Killed a large bag of meat
   141 | D        | Noticed an accursed
   141 | D        | Noticed a fleshlord
   141 | D        | Annihilated by a destroyer

Illustrated notes

Levels and vault maps discovered:
D:        meatsprint

Skill      XL: |  1  2  3  4  5  6  7  8  9 10 11 12 13 14 15 16 17 18 19 20 21 22 23 24 25 26 27 |
---------------+----------------------------------------------------------------------------------+-----
Fighting       | 10 14 16 18 22 27 | 27.0
Axes           | 9 12 16 20 25 27 | 27.0
Throwing       | 3 4 5 6 7 13 17 24 27 | 27.0
Armour         | 3 4 6 8 15 20 27 | 27.0
Dodging        | 11 13 15 17 18 24 27 | 27.0
Spellcasting   | 18 22 25 27 | 27.0
Short Blades   | 8 11 14 17 19 21 27 | 27.0
Long Blades    | 8 11 14 17 19 21 27 | 27.0
Maces & Flails | 8 10 13 15 17 19 27 | 27.0
Polearms       | 8 10 13 15 17 19 27 | 27.0
Staves         | 8 11 14 17 19 21 27 | 27.0
Slings         | 8 10 13 15 17 19 27 | 27.0
Bows           | 8 10 13 15 17 19 27 | 27.0
Crossbows      | 8 10 13 15 17 19 27 | 27.0
Stealth        | 8 11 14 17 19 21 27 | 27.0
Shields        | 8 11 14 17 19 21 27 | 27.0
Unarmed Combat | 8 11 14 17 19 21 27 | 27.0
Invocations    | 9 11 14 17 19 21 27 | 27.0
Evocations     | 8 11 14 17 19 21 27 | 27.0

Action                   |  1- 3 |  4- 6 |  7- 9 | 10-12 | 13-15 | 16-18 | 19-21 | 22-24 | 25-27 || total
-------------------------+-------+-------+-------+-------+-------+-------+-------+-------+-------++-------
Melee: Executioner's axe |     1 |       |       |     4 |     8 |    12 |    17 |    17 |   223 ||   282
 Cast: Manifold Assault  |       |       |       |     1 |     2 |     4 |     4 |     8 |    79 ||    98
       Shatter           |       |       |       |       |       |       |       |       |     1 ||     1
       Malign Gateway    |       |       |       |       |       |       |       |       |     1 ||     1
Armor: Leather armour    |       |       |       |       |       |       |       |       |     4 ||     4
Dodge: Dodged            |       |       |       |       |       |       |       |       |     3 ||     3
